 Dungeon Crawl Stone Soup version bcrawl-1.38.2 (webtiles) character file.

Game seed: 13950269955344232124

167746 Sensen the Slasher (level 5, 0/33 HPs)
             Began as a Skeleton Reaver on Apr 26, 2023.
             Was a Believer of Vehumet.
             Slain by an orc wizard
             ... wielding a +0 dagger
              (2 damage)
             ... on level 2 of the Dungeon.
             The game lasted 00:04:30 (2305 turns).

Sensen the Slasher (Skeleton Reaver)                Turns: 2305, Time: 00:04:30

Health: 0/33       AC:  7    Str: 16 (17) XL:     5   Next: 41%
Magic:  0/11       EV: 12    Int: 14      God:    Vehumet [**....]
Gold:   120        SH:  0    Dex:  5 (7)  Spells: 10/12 levels left

rFire    . . .     GDR:     15% a - +0 long sword
rCold    + . .     SeeInvis .   (no shield)
rNeg     + + +     Gourm    .   b - +1 steam dragon scales
rPois    ∞         Faith    .   (no helmet)
rElec    .         Spirit   +   (no cloak)
rCorr    .         Reflect  .   f - +0 pair of gloves
MR       .....                  (no boots)
Stlth    +.........             (no amulet)
HPRegen  0.15/turn              (no ring)
MPRegen  0.12/turn              (no ring)

@: no status effects
A: no food or potions, cold resistance 1, deterioration 1, negative energy
resistance 3, torment resistance, unbreathing, magic shield, sturdy frame 1,
spell healing
a: Renounce Religion


You were on level 2 of the Dungeon.
You worshipped Vehumet.
Vehumet was pleased with you.
You were not hungry.

You visited 1 branch of the dungeon, and saw 3 of its levels.

You collected 120 gold pieces.

Inventory:

Hand Weapons
 a - a +0 long sword (weapon)
Armour
 b - +1 steam dragon scales (worn)
 e - a cursed +0 leather armour
 f - a +0 pair of gloves (worn)
Jewellery
 j - a +5 ring of intelligence {unknown}
Scrolls
 c - a scroll of immolation
 d - a scroll of magic mapping {unknown}
 g - a scroll of enchant armour
 i - a scroll of identify


   Skills:
 - Level 4.0 Fighting
 - Level 5.0 Long Blades
 - Level 4.0 Dodging
 - Level 4.0 Spellcasting
 + Level 1.7 Conjurations


You had 10 spell levels left.
You knew the following spells:

 Your Spells              Type           Power        Failure   Level  Hunger
a - Sting                 Conj/Pois      #...         4%          1    N/A
b - Flame Tongue          Conj/Fire      #....        4%          1    N/A

Your spell library contained the following spells:

 Spells                   Type           Power        Failure   Level  Hunger
 Iskenderun's Battlesphe  Conj/Chrm      #.......     65%         5    N/A

Dungeon Overview and Level Annotations

Branches:
Dungeon (3/12)

Altars:


Innate Abilities, Weirdness & Mutations

You do not eat or drink.
You are immune to poison.
Your flesh is cold resistant. (rC+)
Your body sometimes deteriorates upon taking damage.
You are immune to negative energy. (rN+++)
You are immune to unholy pain and torment.
You can survive without breathing.
When hurt, damage is shared between your health and your magic reserves.
Your movements are slightly less encumbered by armour. (ER -2)
Casting spells heals you.


Message History

Okay, then.
Okay, then.
The orc wizard looks braver for a moment.
The orc wizard barely misses you.
A magic dart appears from out of thin air!
The magic dart hits you.
* * * LOW HITPOINT WARNING * * *
Things that are here:
a cursed -1 whip; an adder corpse You are too injured to fight recklessly!
As you read the scroll labeled KUESESS HOPAER, it crumbles to dust.
It is a scroll of enchant armour.
Your +0 steam dragon scales glow green for a moment.
The orc wizard misses you.
As you read the scroll labeled IWEIQ ZESMO, it crumbles to dust.
You feel blessed for a moment.
It was a scroll of remove curse.
The orc wizard hits you with a +0 dagger.
* * * LOW HITPOINT WARNING * * *
The orc wizard hits you with a +0 dagger.
You die...

.#.##.#....#.###.# #.#.#.#.#..#.
.#.##.#........#.# #....#)....#.
.#.##.#........#.# #.#.#.#.#....
.#)##.#........#.####.#..#..#..#.
.#.##.#......[........##(..##..#.
.#.##.#........#.......##.##...#.
...##.......##.........(!......#.
#####.......##.............###.#.
#...........@###.#.#..## #.##
#..........o>###.#.#.## #...
#####.........###!.......# ####
..............# #........#
#########.....# #........#
###.### #........# #.# #........#
### #.# ####.#.#.######.. #.#
#.#.#.........


You could see an orc wizard.

Vanquished Creatures
  2 orc priests (D:2)
  3 adders (D:2)
  5 worms
  5 dart slugs
  A leopard gecko (D:2)
  7 orcs (D:2)
  3 bats
  A giant cockroach (D:1)
  7 hobgoblins
  7 jackals
  A quokka (D:2)
  A ball python (D:1)
  5 frilled lizards (D:2)
  8 kobolds
  6 rats
62 creatures vanquished.

Notes
Turn   | Place    | Note
-------+----------+-------------------------------------------
     0 | D:1      | Sensen the Skeleton Reaver began the quest for the Orb.
     0 | D:1      | Reached XP level 1. HP: 14/14 MP: 4/4
   254 | D:1      | Reached XP level 2. HP: 15/19 MP: 4/6
   340 | D:1      | Reached skill level 4 in Long Blades
   971 | D:2      | Reached * piety under Vehumet
   971 | D:2      | Offered knowledge of Sting by Vehumet.
   972 | D:2      | Reached XP level 3. HP: 23/23 MP: 7/7
   975 | D:2      | Learned a level 1 spell: Sting
  1578 | D:2      | Reached XP level 4. HP: 28/29 MP: 8/8
  2044 | D:2      | Offered knowledge of Flame Tongue by Vehumet.
  2048 | D:2      | Reached ** piety under Vehumet
  2053 | D:2      | Learned a level 1 spell: Flame Tongue
  2117 | D:2      | Reached skill level 5 in Long Blades
  2206 | D:2      | Reached XP level 5. HP: 32/33 MP: 10/10
  2233 | D:2      | Reached skill level 1 in Conjurations
  2305 | D:2      | Slain by an orc wizard

Skill      XL: |  1  2  3  4  5 |
---------------+----------------+-----
Long Blades    | 4 5 |  5.0
Fighting       | 4 |  4.0
Dodging        | 4 |  4.0
Spellcasting   | 4 |  4.0
Conjurations   | 1 |  1.7

Action                   |  1- 3 |  4- 6 || total
-------------------------+-------+-------++-------
Melee: Long sword        |   114 |    78 ||   192
  Use: Scroll            |       |     2 ||     2
Armor: Steam dragon scal |    31 |    36 ||    67
Dodge: Dodged            |    61 |    64 ||   125
